 Dungeon Crawl Stone Soup version 0.25.0-11-g1f837a76a1 (webtiles) character file.

Game seed: 5977267923482943652

116 nojaa the Grave Robber (level 5, -2/32 HPs)
             Began as a Kobold Necromancer on June 27, 2020.
             Slain by a centaur
             ... wielding a +0 mace
              (9 damage)
             ... on level 2 of the Dungeon.
             The game lasted 00:20:15 (3177 turns).

nojaa the Grave Robber (Kobold Necromancer)         Turns: 3177, Time: 00:20:15

Health: -2/32      AC:  3    Str:  6    XL:     5   Next: 20%
Magic:  1/10       EV: 15    Int: 17    God:
Gold:   133        SH:  0    Dex: 15    Spells: 1/10 levels left

rFire    . . .     SeeInvis .   b - +0 short sword
rCold    . . .     Gourm    .   (shield restricted)
rNeg     . . .     Faith    .   a - +1 robe
rPois    .         Spirit   .   (no helmet)
rElec    .         Reflect  .   (no cloak)
rCorr    .         Harm     .   (no gloves)
MR       .....                  (no boots)
Stlth    ++........             (no amulet)
HPRegen  0.10/turn              (no ring)
MPRegen  0.12/turn              (no ring)

@: very slightly contaminated
A: small, carnivore
a: no special abilities


You were on level 2 of the Dungeon.
You were full.

You visited 1 branch of the dungeon, and saw 2 of its levels.

You collected 133 gold pieces.

Inventory:

Hand Weapons
 b - a +0 short sword (weapon)
Missiles
 d - 38 stones (quivered)
Armour
 a - a +1 robe (worn)
 g - a +0 buckler
Scrolls
 e - a scroll of blinking {unknown}
 f - 3 scrolls of identify
 h - a scroll of fear
Comestibles
 c - 3 rations


   Skills:
 - Level 3.2 Fighting
 - Level 2.4 Dodging
 - Level 2.6 Stealth
 * Level 3.4 Spellcasting
 + Level 4.4 Necromancy


You had one spell level left.
You knew the following spells:

 Your Spells              Type           Power        Failure   Level  Hunger
a - Pain                  Necr           ###.         2%          1    None
b - Animate Skeleton      Necr           N/A          2%          1    None
c - Vampiric Draining     Necr           ###.......   9%          3    ###....
d - Animate Dead          Necr           N/A          26%         4    ####...

Your spell library contained the following spells:

 Spells                   Type           Power        Failure   Level  Hunger
 Agony                    Necr           ###.....     58%         5    ######.


Dungeon Overview and Level Annotations

Branches:
Dungeon (2/15)

Altars:
Hepliaklqana
Xom


Innate Abilities, Weirdness & Mutations

You are small and have problems with some larger weapons.
You are carnivorous and can eat meat at any time.


Message History

Aim: a centaur, wielding a +0 mace, wearing an uncursed ring of flight and quivering 27 arrows (almost dead, chance to defeat MR: 76%)
The centaur writhes in agony.
The centaur hits you with a +0 mace.
Casting: Pain (safe; 2% risk of failure)
Confirm with . or Enter, or press ? or * to list all spells.
The spell is quite dangerous to cast (9% risk of failure)!
Continue anyway?
Aiming: Vampiric Draining (quite dangerous; 9% risk of failure)
Press: ? - help, Shift-Dir - straight line, f/p - centaur
Aim: a centaur, wielding a +0 mace, wearing an uncursed ring of flight and quivering 27 arrows (almost dead)
You miscast Vampiric Draining.
You are very lightly contaminated with residual magic.
Nothing appears to happen.
The centaur misses you.
Casting: Vampiric Draining (quite dangerous; 9% risk of failure)
Confirm with . or Enter, or press ? or * to list all spells.
You don't have enough magic to cast that spell.
You hit the centaur.
The centaur is almost dead.
The centaur hits you with a +0 mace.
* * * LOW HITPOINT WARNING * * *
The centaur hits you with a +0 mace!
You die...

########...###...#
#...........####'#
..########....#..#
#...........# #####
###.###..cZ<..# #....
#...###......## ###.... #
#.##....###### #......
#.####.#...c###########...###
#........)..@................
##..........###########...###
#$.######### #...# ..)..
#...# ..... #...# ..##
####...## . #.......#
########.......#
#..............#


You could see a centaur.

Vanquished Creatures
  Jessica (D:2)
  A gnoll (D:2)
  3 adders (D:2)
  3 worms (D:2)
  2 dart slugs (D:1)
  4 bats
  2 giant cockroaches (D:1)
  2 goblins
  3 hobgoblins (D:1)
  4 jackals (D:2)
  2 quokkas (D:2)
  A ball python (D:2)
  4 frilled lizards
  5 kobolds
  A rat (D:2)
38 creatures vanquished.

Vanquished Creatures (collateral kills)
  A hobgoblin (D:1)
  A jackal (D:2)
  A kobold (D:1)
  A rat (D:1)
4 creatures vanquished.

Grand Total: 42 creatures vanquished

Notes
Turn   | Place    | Note
-------+----------+-------------------------------------------
     0 | D:1      | nojaa the Kobold Necromancer began the quest for the Orb.
     0 | D:1      | Reached XP level 1. HP: 10/10 MP: 3/3
     2 | D:1      | Learned a level 1 spell: Animate Skeleton
   153 | D:1      | Reached skill level 1 in Fighting
   360 | D:1      | Reached XP level 2. HP: 12/17 MP: 0/5
   938 | D:1      | Reached XP level 3. HP: 21/22 MP: 3/6
   971 | D:1      | Learned a level 3 spell: Vampiric Draining
  1631 | D:2      | Found a hazy altar of Hepliaklqana.
  1632 | D:2      | Found a shimmering altar of Xom.
  1633 | D:2      | Noticed a spectral ugly thing
  1823 | D:2      | Reached XP level 4. HP: 23/28 MP: 0/7
  2853 | D:2      | Learned a level 4 spell: Animate Dead
  2865 | D:2      | Noticed Jessica
  2870 | D:2      | Killed Jessica
  2870 | D:2      | Reached XP level 5. HP: 30/32 MP: 5/10
  3166 | D:2      | Noticed a centaur
  3177 | D:2      | Slain by a centaur

Illustrated notes

Levels and vault maps discovered:
D:1:      tarquinn_simple_flora_water_a, layout_basic
D:2:      layout_basic, regret_index_temple_of_mockery, first_ration,
          uniq_jessica

Skill      XL: |  1  2  3  4 |
---------------+-------------+-----
Fighting       | 1 2 3 |  3.2
Spellcasting   | 3 |  3.4
Dodging        | |  2.4
Stealth        | |  2.6
Necromancy     | |  4.4

Action                   |  1- 3 |  4- 6 || total
-------------------------+-------+-------++-------
Melee: Short sword       |     7 |    13 ||    20
Throw: Stone             |     1 |     1 ||     2
 Cast: Pain              |    51 |    62 ||   113
       Animate Skeleton  |    11 |     3 ||    14
  Use: Scroll            |     2 |     4 ||     6
       Potion            |       |     2 ||     2
  Eat: Chunk             |    12 |     1 ||    13
Armor: Robe              |     2 |     5 ||     7
       Skin              |       |    20 ||    20
Dodge: Dodged            |    15 |    29 ||    44
